cohdb
Replays
Latest Replays
All Replays
Popular Replays
Top Player Replays
Match Explorer
How It Works
Community
CoH3 Stats
Reddit
Sign in to upload your games and track your stats! →
Sign in with Steam
Match 44564457
Unlisted
Match 44564457
Overview
Messages
Build Orders
End
Construct Infanterie Kompanie
Selects Mechanized Battlegroup
MG 42 Machine Gun Team
MG 42 Machine Gun Team
GrW 34 Mortar Team
Construct Panzergrenadier Kompanie
Panzergrenadier Squad
Panzergrenadier Squad
Panzergrenadier Squad
Medical Station
Selects Raid Package
Construct Panzer Kompanie
Selects StuG Assault Group
Sturmpanzer IV Brummbär
Selects UNKNOWN (2160084)
Selects Spotting Scopes
Panther Heavy Tank
Panther Heavy Tank
Pioneer Squad
Selects Stoßtruppen Assault Package
Selects Zeroing Artillery Barrage
Zeroing Artillery Barrage
Panther Heavy Tank
Panther Heavy Tank
Zeroing Artillery Barrage
Zeroing Artillery Barrage
Panther Heavy Tank
Panther Heavy Tank
Panther Heavy Tank
Zeroing Artillery Barrage
Panther Heavy Tank
Panther Heavy Tank
Zeroing Artillery Barrage
King Raptor
SHELDONATOR
Ulpia Victrix
TigerMis Acé
Lulu
JayS
[SDC] McOmghall
Fonix555
0
0
Comments
sign in to comment!
No comments posted yet!